[Event "Early-Titled-Tuesday-Blitz-January-23-2024"]
[Site "Chess.com"]
[Date "2024.01.23"]
[Round "7"]
[White "hsd2016"]
[Black "deribas12345"]
[Result "1/2-1/2"]
[WhiteElo "2296"]
[BlackElo "2454"]
[TimeControl "180+1"]
[EndTime "9:17:56 PST"]
[Termination "Game drawn - insufficient material"]

1. e4 c5 2. Nf3 d6 3. d4 cxd4 4. Nxd4 Nf6 5. Nc3 a6 6. Rg1 e5 7. Nb3 Nc6 8. g4 Be7 9. g5 Nd7 10. Nd5 O-O 11. h4 Nb6 12. h5 Nxd5 13. exd5 Na5 14.
g6 Nxb3 15. axb3 Bf6 16. gxh7+ Kh8 17. Bd3 e4 18. Bxe4 Re8 19. f3 Bf5 20. Qd3 Qb6 21.
Be3 Bxe4 22. fxe4 Qb4+ 23. c3 Qxe4 24. Qxe4 Rxe4 25. Kd2 Rae8 26. Rae1 Kxh7 27. Bf2 Rxe1 28. Rxe1 Rxe1 29. Bxe1 Kh6 30. Bg3 Be7 31. c4 Kxh5 32.
c5 dxc5 33. Bc7 Kg4 34. d6 Bf6 35. d7 Kf3 36. d8=Q Bxd8 37. Bxd8 f5 38. Kd3 f4 39.
Be7 Kg3 40. Bxc5 g5 41. Ke2 f3+ 42. Kf1 g4 43. Bd6+ Kh4 44. Kf2 Kg5 45. Kg3 Kf5 46. Bc5 Ke4 47. Kxg4 Kd3 48. Kxf3 Kc2 49. b4 Kxb2 50.
Ke4 Kb3 51. Kd4 Ka4 52. Kc4 b5+ 53. Kd5 a5 54. bxa5 Kxa5 55. Kd4 Ka4 56. Kc3 b4+ 57. Bxb4 1/2-1/2

[Event "Early-Titled-Tuesday-Blitz-January-23-2024"]
[Site "Chess.com"]
[Date "2024.01.23"]
[Round "7"]
[White "Egor_Koshulyan"]
[Black "Revan_2002"]
[Result "1-0"]
[WhiteElo "2700"]
[BlackElo "2393"]
[TimeControl "180+1"]
[EndTime "9:17:58 PST"]
[Termination "Egor_Koshulyan won on time"]

1. e4 e5 2. Nf3 Nc6 3. c3 d6 4. d4 Bg4 5. Bc4 Nf6 6. Qb3 Na5 7.
Bxf7+ Ke7 8. Qa4 Bxf3 9. gxf3 c6 10. Bb3 b5 11. Qb4 Ke8 12. d5 Qb6 13. a4 c5 14.
Qa3 b4 15. cxb4 cxb4 16. Qa2 Be7 17. Be3 Qb7 18. Nd2 Kf7 19. f4 exf4 20. Bxf4 Rhe8 21. O-O Kg8 22. Rae1 Kh8 23. Bg3 Ng4 24. Bd1 Ne5 25.
Bxe5 dxe5 26. Bf3 Rf8 27. Bg2 Bc5 28. Nc4 Nxc4 29. Qxc4 Rac8 30. Qe2 b3 31. Kh1 Bd4 32. f4 exf4 33. e5 Rc2 34. Qg4 Rxb2 35. Rxf4 Rg8 36. Rxd4 Rc2 37. Rb4 Qa6 38. Rxb3 Rf8 39. Rf3 Rg8 40. e6 Qa5 41. Ref1 Qxd5 42. e7 Qe5 43. Rf8 Qxe7 44. Rxg8+ Kxg8 45. Bd5+ Kh8 46. Qf5 h6 47. Qxc2 1-0

[Event "Early-Titled-Tuesday-Blitz-January-23-2024"]
[Site "Chess.com"]
[Date "2024.01.23"]
[Round "7"]
[White "Glidzhian_Gor"]
[Black "alekroth65"]
[Result "1-0"]
[WhiteElo "2570"]
[BlackElo "2341"]
[TimeControl "180+1"]
[EndTime "9:17:58 PST"]
[Termination "Glidzhian_Gor won on time"]

1. e4 e5 2. Nf3 Nc6 3. Bb5 a6 4. Ba4 Nf6 5. d3 Bc5 6. O-O b5 7. Bb3 h6 8. c3 O-O 9. d4 exd4 10.
cxd4 Bb6 11. e5 Ne8 12. d5 Ne7 13. Nc3 d6 14. Qd3 Bf5 15. Qe2 dxe5 16. Qxe5 Nd6 17.
Qg3 Ng6 18. h4 Ne4 19. Nxe4 Bxe4 20. h5 Bxf3 21. Qxf3 Ne5 22. Qg3 Qf6 23. Bf4 Nd7 24. Bxc7 Nc5 25. d6 Bxc7 26. dxc7 Rac8 27. Rfc1 Qb6 28.
Bd5 Rxc7 29. b4 Ne6 30. Rxc7 Nxc7 31. Bb3 Qd4 32. Re1 Qxb4 33. Re3 Qc5 34. Rc3 Qxh5 35. Rxc7 a5 36. Bc2 Qe2 37. Qd3 Qe1+ 38. Kh2 g6 39.
Qe3 Qa1 40. Bb3 1-0

[Event "Early-Titled-Tuesday-Blitz-January-23-2024"]
[Site "Chess.com"]
[Date "2024.01.23"]
[Round "7"]
[White "stepanosinovsky"]
[Black "Ezov"]
[Result "1-0"]
[WhiteElo "2372"]
[BlackElo "2210"]
[TimeControl "180+1"]
[EndTime "9:17:58 PST"]
[Termination "stepanosinovsky won on time"]

1. e4 e6 2. d4 d5 3. Nc3 Bb4 4. e5 c5 5. a3 cxd4 6. axb4 dxc3 7. bxc3 Qc7 8. Nf3 Ne7 9. Bd3 Nbc6 10. Qe2 Nxb4 11. cxb4 Qc3+ 12. Nd2 Qxa1 13. O-O Bd7 14. Nb3 Qc3 15. Bd2 Qc7 16. Re1 O-O 17. Qh5 Ng6 18. Re3 Be8 19. Rh3 h6 20. Bxh6 Qxe5 21.
Bg5 Qe1+ 22. Bf1 f6 23. Qh7+ Kf7 24. Bh6 Rg8 25. Rg3 Kf8 26. Re3 Qxb4 27. Nc5 Qxc5 28. Bd3 Ne5 29. Rxe5 Qc3 30. Re3 Qa1+ 31. Bf1 Bf7 32.
Bf4 Qd4 33. Bd6+ Ke8 34. Bb5+ 1-0

[Event "Early-Titled-Tuesday-Blitz-January-23-2024"]
[Site "Chess.com"]
[Date "2024.01.23"]
[Round "7"]
[White "Zhigalko_Sergei"]
[Black "bangchess21"]
[Result "1/2-1/2"]
[WhiteElo "2973"]
[BlackElo "2794"]
[TimeControl "180+1"]
[EndTime "9:17:59 PST"]
[Termination "Game drawn by repetition"]

1. e4 a6 2. d4 c6 3. Nf3 d5 4. e5 c5 5. c3 Nc6 6. dxc5 Bg4 7. Bf4 e6 8. b4 Nge7 9. Bd3 Ng6 10.
Bxg6 hxg6 11. h3 Be7 12. O-O Bf5 13. Nd4 Bg5 14. Bg3 Bh4 15. Nxc6 bxc6 16. Qd4 Qg5 17. Bf4 Qh5 18. Bh2 Be7 19. Qe3 g5 20. f3 Kd7 21.
Nd2 g4 22. fxg4 Bxg4 23. Nb3 Bf5 24. Nd4 Be4 25. Rf2 f5 26. exf6 gxf6 27. Bd6 Bxd6 28. cxd6 f5 29. Nb3 Rag8 30. Nc5+ Kxd6 31. Nxe4+ fxe4 32.
Qc5+ Ke5 33. Qd4+ Kd6 34. Qc5+ Ke5 35. Raf1 Qxh3 36. Qd4+ Kd6 37. Qc5+ Ke5 38. Qd4+ Kd6 39. Qc5+ Ke5 1/2-1/2

[Event "Early-Titled-Tuesday-Blitz-January-23-2024"]
[Site "Chess.com"]
[Date "2024.01.23"]
[Round "7"]
[White "LileKoridze"]
[Black "Reality-Stone"]
[Result "0-1"]
[WhiteElo "2320"]
[BlackElo "2629"]
[TimeControl "180+1"]
[EndTime "9:17:59 PST"]
[Termination "Reality-Stone won by resignation"]

1. d4 d5 2. c4 e6 3. Nf3 Nf6 4. g3 dxc4 5. Bg2 a6 6. O-O Nc6 7. Nc3 Bb4 8. e4 Bxc3 9. bxc3 Nxe4 10. Ba3 Nd6 11. Ne5 O-O 12. Nxc6 bxc6 13. Bxc6 Rb8 14.
Qa4 Bb7 15. Bxb7 Rxb7 16. Qxa6 Qa8 17. Qxa8 Rxa8 18. Bb4 Rba7 19. a3 Nb5 20. Rfb1 c6 21. Bc5 Ra4 22. Rb4 Nxc3 23. Rb7 Nb5 24. Rb6 c3 25. Rxc6 Rc4 26. Rb6 Nc7 27. Rab1 h5 28. Rb8+ Rxb8 29. Rxb8+ Kh7 30. Rb1 Nd5 31. Kf1 Kg6 32.
Rc1 Kf5 33. Ke2 Ra4 34. Kd3 Kg4 35. Ke2 Kh3 36. Kf3 g5 37. Rh1 f5 38. Re1 Rc4 39. Ke2 c2 40. Rc1 Kxh2 41. Kd3 Rc3+ 42. Kd2 Kg2 43.
Rxc2 Rf3 44. a4 h4 45. a5 Rxf2+ 46. Kc1 h3 47. a6 h2 48. a7 h1=Q+ 49. Kb2 Rxc2+ 50. Kxc2 Qa1 0-1

[Event "Early-Titled-Tuesday-Blitz-January-23-2024"]
[Site "Chess.com"]
[Date "2024.01.23"]
[Round "7"]
[White "AlexOstrovskiy"]
[Black "AttilaTurzo"]
[Result "1-0"]
[WhiteElo "2782"]
[BlackElo "2499"]
[TimeControl "180+1"]
[EndTime "9:17:59 PST"]
[Termination "AlexOstrovskiy won by resignation"]

1. e4 c5 2. Nc3 d6 3. d4 cxd4 4. Qxd4 a6 5. b3 Nf6 6. Bb2 e5 7. Qd2 Be7 8. O-O-O Be6 9. Kb1 Nbd7 10. f3 h5 11. Nh3 Qc7 12. Ng5 O-O-O 13. h4 Kb8 14. g3 Nh7 15. Nxh7 Rxh7 16. Nd5 Bxd5 17. Qxd5 g6 18. Qd2 Nb6 19. Qa5 Nc8 20. Qxc7+ Kxc7 21. a4 Kc6 22. a5 Kc7 23. Rh2 Na7 24. Rhd2 Nc6 25.
Bc3 f5 26. exf5 gxf5 27. Bd3 Rf7 28. Re2 f4 29. Rg2 fxg3 30. Rxg3 Bxh4 31. Rh3 Rf4 32. Bd2 Rd4 33. Be3 Rxd3 34. Rxd3 Be7 35. Bb6+ Kd7 36. Bxd8 Nxd8 37. Rxh5 Ne6 38. Rh7 Nc5 39. Rd1 Ke6 40. Rg1 d5 41. Rg6+ Bf6 42. b4 Nd7 43. Rxd7 Kxd7 44. Rxf6 1-0

[Event "Early-Titled-Tuesday-Blitz-January-23-2024"]
[Site "Chess.com"]
[Date "2024.01.23"]
[Round "7"]
[White "ChessSwole"]
[Black "KorolDimitriy75"]
[Result "1-0"]
[WhiteElo "2617"]
[BlackElo "2358"]
[TimeControl "180+1"]
[EndTime "9:17:59 PST"]
[Termination "ChessSwole won on time"]

1. e4 c5 2. c3 d5 3. exd5 Qxd5 4. d4 cxd4 5. cxd4 Nc6 6. Nf3 e5 7. Nc3 Bb4 8. Bd2 Bxc3 9. Bxc3 e4 10. Ne5 Nxe5 11.
dxe5 Ne7 12. Be2 O-O 13. O-O Re8 14. Qc1 Qc6 15. Rd1 Nd5 16. Bd4 Qg6 17. Kh1 Be6 18.
Qc5 Nf4 19. Bf1 Bg4 20. Rd2 b6 21. Qa3 h5 22. Be3 Ne6 23. h3 Bf5 24. Rad1 Kh7 25. Bb5 Rec8 26. Qe7 a6 27. Be2 b5 28. Qh4 Kg8 29. Bxh5 Qh7 30. g4 Bg6 31. Rd7 b4 32. b3 a5 33. Kh2 Bxh5 34. gxh5 Qf5 35. R1d5 a4 36. h6 axb3 37. hxg7 Kxg7 38. axb3 Ra1 39. Qg3+ Qg6 40. Qxg6+ Kxg6 41. Kg2 Rc2 42. Rd2 Rc3 43. Rd8 Rxb3 44. Rg8+ Kf5 45. Rd5 Ra2 46. Kg3 1-0

[Event "Early-Titled-Tuesday-Blitz-January-23-2024"]
[Site "Chess.com"]
[Date "2024.01.23"]
[Round "7"]
[White "GHANDEEVAM2003"]
[Black "LyonBeast"]
[Result "1-0"]
[WhiteElo "3047"]
[BlackElo "3153"]
[TimeControl "180+1"]
[EndTime "9:18:00 PST"]
[Termination "GHANDEEVAM2003 won by resignation"]

1. c4 e5 2. Nc3 Bb4 3. Nd5 Be7 4. d4 exd4 5. Qxd4 Nf6 6. Nf3 Nc6 7. Qd1 O-O 8. g3 d6 9. Bg2 Bf5 10. O-O Be4 11.
Nd4 Bxg2 12. Kxg2 Nxd5 13. cxd5 Nxd4 14. Qxd4 Bf6 15. Qd3 Qd7 16. e4 Rfe8 17. f3 Rac8 18. Rf2 c5 19. dxc6 Rxc6 20. Be3 Rec8 21. Rd1 a6 22.
Rfd2 Qe6 23. a3 h5 24. h4 g6 25. Bd4 Be5 26. Bxe5 dxe5 27. Qd7 Qb3 28. Qd3 Qb6 29.
Qd5 Rc5 30. Qd6 Qxd6 31. Rxd6 Kg7 32. R1d2 R8c7 33. Kf2 Rb5 34. Ke2 Rb3 35. R6d3 Rxd3 36. Rxd3 Kf6 37. Rd6+ Ke7 38. Rb6 Kd7 39. f4 exf4 40.
gxf4 Kc8 41. e5 Rc6 42. Rxc6+ bxc6 43. Kd3 Kd7 44. b4 Ke6 45. Ke4 f6 46. a4 Ke7 47. Kd4 Ke6 48. exf6 Kxf6 49. Kc5 Kf5 50. Kxc6 1-0

[Event "Early-Titled-Tuesday-Blitz-January-23-2024"]
[Site "Chess.com"]
[Date "2024.01.23"]
[Round "7"]
[White "IlanSchnaider"]
[Black "GatoRojo150"]
[Result "0-1"]
[WhiteElo "2773"]
[BlackElo "2609"]
[TimeControl "180+1"]
[EndTime "9:18:00 PST"]
[Termination "GatoRojo150 won on time"]

1. e4 e5 2. Nf3 Nc6 3. d4 exd4 4. Nxd4 Qf6 5. Nf3 Bb4+ 6. c3 Bc5 7. Bd3 Ne5 8. Be2 d6 9. O-O Ne7 10. Nbd2 N7g6 11. Nxe5 dxe5 12. Nf3 h6 13. Qb3 O-O 14.
Be3 Bb6 15. Rad1 Be6 16. Qc2 Nf4 17. Bxf4 Qxf4 18. g3 Qf6 19. Kg2 Rad8 20. b3 c6 21. c4 Bc5 22. Qc3 Rde8 23. Nxe5 Bh3+ 24. Kxh3 Rxe5 25.
Kg2 Rfe8 26. Bf3 h5 27. h4 Qe7 28. Rd3 Bb4 29. Qc2 Bc5 30. Rfd1 Qf6 31. Qe2 a5 32.
R1d2 g6 33. Rd7 Bb4 34. Rc2 R8e7 35. Rd8+ Kg7 36. Rd3 Qe6 37. Qe3 f5 38. Rd4 fxe4 39.
Bd1 Bc5 40. Rcd2 Bxd4 41. Qxd4 Qf6 42. Re2 e3 43. f4 Re4 44. Qd3 Qe6 45. Bc2 Qf6 46. Qd1 R4e6 47. Qd3 Rd6 0-1

[Event "Early-Titled-Tuesday-Blitz-January-23-2024"]
[Site "Chess.com"]
[Date "2024.01.23"]
[Round "7"]
[White "SpongeBob_03"]
[Black "Eloist"]
[Result "1-0"]
[WhiteElo "2230"]
[BlackElo "2410"]
[TimeControl "180+1"]
[EndTime "9:18:00 PST"]
[Termination "SpongeBob_03 won on time"]

1. d4 e6 2. c4 Nf6 3. Nc3 Bb4 4.
Qc2 c5 5. dxc5 O-O 6. e3 Na6 7. a3 Bxc3+ 8. Qxc3 Nxc5 9. f3 d5 10. b4 Ncd7 11. Bb2 Nb6 12. Rd1 Na4 13. Qc2 Nxb2 14. Qxb2 Qc7 15. Rc1 Qb6 16. Qb3 Bd7 17. c5 Qc7 18. Bd3 e5 19. Ne2 e4 20. fxe4 dxe4 21.
Bc4 Qe5 22. O-O b5 23. cxb6 axb6 24. Nd4 Ng4 25. Rf4 g5 26. Rcf1 gxf4 27. Rxf4 Qg7 28. h3 Ne5 29. Bf1 Kh8 30. Rxe4 f6 31. Rf4 Rg8 32.
Ne6 Bxe6 33. Qxe6 Raf8 34. Qxb6 f5 35. Qc5 Ng6 36. Rf2 f4 37. e4 f3 38. g3 Ne5 39. g4 h5 40. Rh2 Qg5 41. Qf2 1-0

[Event "Early-Titled-Tuesday-Blitz-January-23-2024"]
[Site "Chess.com"]
[Date "2024.01.23"]
[Round "7"]
[White "margarita_2703"]
[Black "tolia123"]
[Result "1-0"]
[WhiteElo "2278"]
[BlackElo "2077"]
[TimeControl "180+1"]
[EndTime "9:18:00 PST"]
[Termination "margarita_2703 won by checkmate"]

1. h3 g6 2. e4 Bg7 3. d4 c5 4. c3 cxd4 5. cxd4 d5 6. e5 Nc6 7. Nf3 Bf5 8. Nc3 f6 9. Bf4 fxe5 10. Nxe5 Nxe5 11. Bxe5 Nf6 12. Bb5+ Bd7 13. O-O Bxb5 14. Nxb5 O-O 15. Nc7 Rc8 16. Ne6 Qd7 17. Nxf8 Rxf8 18.
Rc1 Qb5 19. Qb3 Qxb3 20. axb3 Ne4 21. Bxg7 Kxg7 22. Rc2 b6 23. f3 Ng3 24. Re1 Nf5 25. Rc7 a5 26. Rb7 Rf6 27. Rd7 Nxd4 28. Re5 Nc6 29.
Rexd5 Kf7 30. Rb7 Nb4 31. Re5 Nc6 32. Re4 Rd6 33. Rxb6 Rd1+ 34. Kh2 Nb4 35. Rb7 Nd5 36. Rd7 Kf6 37. Rexe7 Rd2 38. Rxh7 a4 39. bxa4 g5 40. Rhe7 g4 41. hxg4 Rxb2 42. Rf7+ Kg6 43. Rxd5 Kxf7 44. Rf5+ Kg6 45. Kg3 Rb4 46. a5 Ra4 47. Rb5 Ra3 48. Kh4 Ra4 49. Rb6+ Kg7 50. a6 Ra5 51. g5 Ra4+ 52. g4 Ra1 53. Kg3 Ra4 54. f4 Ra3+ 55. Kh4 Ra1 56. Rb7+ Kg6 57. f5# 1-0

[Event "Early-Titled-Tuesday-Blitz-January-23-2024"]
[Site "Chess.com"]
[Date "2024.01.23"]
[Round "7"]
[White "tigurones"]
[Black "chess123456s"]
[Result "1-0"]
[WhiteElo "2434"]
[BlackElo "2539"]
[TimeControl "180+1"]
[EndTime "9:18:01 PST"]
[Termination "tigurones won by checkmate"]

1. d4 Nf6 2. Nf3 d5 3. Bf4 c5 4. e3 Nc6 5. c3 e6 6. Nbd2 Bd6 7.
Bg3 O-O 8. Bd3 b6 9. e4 Be7 10. e5 Nh5 11. Ng5 Bxg5 12. Qxh5 g6 13. Qg4 cxd4 14. cxd4 h5 15. Qd1 Nxd4 16. Nf3 Nxf3+ 17.
Qxf3 h4 18. Bf4 Bb7 19. O-O h3 20. Qg3 Bxf4 21. Qxf4 hxg2 22. Rfe1 Kg7 23. Re3 Rh8 24. Rf3 Qe7 25. Qg3 Rh5 26. Rf6 Rh6 27. Rc1 Rah8 28. Qxg2 d4 29. Qg3 Rh3 30. Qg5 Rxd3 31. Kf1 Rf3 32.
Rxg6+ Kf8 33. Rf6 Ba6+ 34. Ke1 Qb4+ 35. Kd1 Rd3+ 36. Kc2 Qa4+ 37. Kb1 Qd7 38. Rxf7+ Kxf7 39. Qf6+ Kg8 40. Rg1+ Kh7 41. Qg6# 1-0

[Event "Early-Titled-Tuesday-Blitz-January-23-2024"]
[Site "Chess.com"]
[Date "2024.01.23"]
[Round "7"]
[White "RichardLeyvaP"]
[Black "Gabrielian_Artur"]
[Result "0-1"]
[WhiteElo "2499"]
[BlackElo "2774"]
[TimeControl "180+1"]
[EndTime "9:18:02 PST"]
[Termination "Gabrielian_Artur won on time"]

1. e4 c5 2. Nf3 d6 3. d4 cxd4 4. Nxd4 Nf6 5. Nc3 Nc6 6. Bc4 Qb6 7. Nxc6 bxc6 8. O-O g6 9. Qe2 Bg4 10. Qd3 Bg7 11. Kh1 O-O 12. Be3 Qxb2 13. Rab1 Qa3 14. Nd5 Qxd3 15. Nxe7+ Kh8 16. cxd3 Bd7 17. Bf4 Rfe8 18.
Bxd6 Bf8 19. Bxf7 Bxe7 20. Bxe8 Bxd6 21. Bxd7 Nxd7 22. d4 Nb6 23. Rbc1 Rc8 24. g3 Kg7 25. Kg2 Kf7 26. f4 Ke7 27. g4 Kd7 28. e5 Ba3 29. Rc3 Bb4 30. Rb3 Nd5 31. a3 Bd2 32. Rb7+ Rc7 33.
Rxc7+ Kxc7 34. Kg3 Be3 35. f5 Bxd4 36. e6 Kd6 37.
Rd1 Bf6 38. Kf3 gxf5 39. gxf5 Ke5 40. Rc1 Kd6 41. Kg4 c5 42. Kh5 Bb2 43. Rc2 Bd4 0-1

[Event "Early-Titled-Tuesday-Blitz-January-23-2024"]
[Site "Chess.com"]
[Date "2024.01.23"]
[Round "7"]
[White "dirk_da_player"]
[Black "FARIZA2018"]
[Result "0-1"]
[WhiteElo "2379"]
[BlackElo "2548"]
[TimeControl "180+1"]
[EndTime "9:18:02 PST"]
[Termination "FARIZA2018 won on time"]

1. e4 e5 2. Nf3 Nc6 3. Bb5 a6 4. Ba4 Nf6 5. O-O Be7 6. d3 b5 7. Bb3 O-O 8. c3 d6 9. Nbd2 Na5 10. Bc2 c5 11. a4 Bd7 12. Re1 Qc7 13. Nf1 c4 14. d4 Rfd8 15. h3 h6 16. Ne3 exd4 17. cxd4 b4 18. Qe2 Bc6 19. d5 Bd7 20. Nd4 Re8 21.
Nef5 Bf8 22. Qf3 Qd8 23. Bf4 Nb7 24. Rad1 b3 25. Bb1 Bxf5 26. Nxf5 Nc5 27. e5 dxe5 28. Bxe5 Nfd7 29. Bd4 g6 30. Rxe8 Qxe8 31. Ne3 Bg7 32. Bxg7 Kxg7 33. d6 Rd8 34. Ng4 Qe6 35. Qf4 g5 36.
Qd4+ f6 0-1

[Event "Early-Titled-Tuesday-Blitz-January-23-2024"]
[Site "Chess.com"]
[Date "2024.01.23"]
[Round "7"]
[White "Zq1"]
[Black "Al_Shima"]
[Result "0-1"]
[WhiteElo "2511"]
[BlackElo "2278"]
[TimeControl "180+1"]
[EndTime "9:18:02 PST"]
[Termination "Al_Shima won on time"]

1. d4 Nf6 2. c4 e6 3. g3 d5 4. Bg2 dxc4 5. Nf3 Be7 6. O-O O-O 7. Ne5 c5 8. dxc5 Qc7 9. Nxc4 Bxc5 10. Bf4 Bxf2+ 11.
Rxf2 Qxc4 12. Na3 Qb4 13. Bd6 Qb6 14. Nc4 Qd8 15. Bxf8 Qxf8 16. Qd6 Qe8 17. Rd1 Nc6 18. Bxc6 bxc6 19. Qd8 Ba6 20. Qxe8+ Rxe8 21. b3 Bxc4 22.
bxc4 Rb8 23. Rf3 h6 24. Rb3 Ra8 25. Kf2 g6 26. Kf3 Kg7 27. Rd6 a5 28. Rxc6 Nd7 29. Rc7 Ne5+ 30. Ke4 Kf6 31. Rb5 Ng4 32. h4 h5 33. c5 a4 34. a3 Rd8 35. c6 Rd2 36.
Kf3 Ra2 37. Ra7 Ne5+ 38. Rxe5 Kxe5 39. Rxa4 Rc2 40. Ra6 Rc3+ 41. e3 f5 42. a4 Kd6 43.
a5 Rxc6 0-1

[Event "Early-Titled-Tuesday-Blitz-January-23-2024"]
[Site "Chess.com"]
[Date "2024.01.23"]
[Round "7"]
[White "KnobbedHornbill"]
[Black "CSB7"]
[Result "0-1"]
[WhiteElo "2581"]
[BlackElo "2737"]
[TimeControl "180+1"]
[EndTime "9:18:03 PST"]
[Termination "CSB7 won by resignation"]

1. d4 Nf6 2. c4 a6 3. g3 e6 4. Bg2 d5 5. Nf3 dxc4 6. O-O b5 7. Ne5 Nd5 8. a4 Bb7 9. e4 Nf6 10. d5 Bd6 11. Nxf7 Kxf7 12. dxe6+ Kxe6 13. Qe2 Kf7 14. e5 Bxg2 15. Kxg2 Bxe5 16. Qxe5 Nc6 17. Qf4 Qd6 18. axb5 axb5 19. Rxa8 Rxa8 20. Nc3 Qxf4 21. Bxf4 b4 22. Nb5 Ra2 23. Rc1 Nd5 24. Rxc4 Na5 25. Rd4 c6 26. Nc7 Nxc7 27. Bxc7 c5 28. Rd7+ Ke6 29. Rxg7 Nc4 30. Rg5 Kd7 31. Rxc5 Nxb2 32. Rc2 b3 33. Rc3 Na4 34. Rxb3 Kxc7 35. Rf3 Nb6 36. Rf7+ Kd6 37. Rxh7 Nd5 38. Rh6+ Ke5 39. h4 Ne3+ 40. Kf3 Rxf2+ 41. Kxe3 Ra2 42. Rh5+ Kf6 43. Kf4 Ra4+ 44. Kf3 Ra2 45.
Kg4 Ra3 46. Kh3 Rb3 47. Rb5 Rxb5 48. Kg4 Kg6 49. Kf4 Kh6 50. Kg4 Rb4+ 51. Kf5 Kh5 52.
Ke5 Rg4 53. Kf5 Rxg3 54. Kf6 Rg4 0-1

[Event "Early-Titled-Tuesday-Blitz-January-23-2024"]
[Site "Chess.com"]
[Date "2024.01.23"]
[Round "7"]
[White "RaugintaBulba"]
[Black "invisible_s0ul"]
[Result "0-1"]
[WhiteElo "2436"]
[BlackElo "2249"]
[TimeControl "180+1"]
[EndTime "9:18:03 PST"]
[Termination "invisible_s0ul won by checkmate"]

1. d4 c6 2. c4 g6 3. Nf3 Bg7 4. g3 d5 5. cxd5 cxd5 6. Bg2 e6 7. O-O Ne7 8. Nc3 Nbc6 9. a3 a6 10. b4 b5 11. e3 O-O 12. Bb2 Bb7 13. Nd2 e5 14. Nb3 exd4 15. exd4 Qb6 16. Ne2 a5 17. Qd2 axb4 18. axb4 Ra4 19. Nc5 Rxa1 20. Rxa1 Ra8 21. Rxa8+ Bxa8 22. Nf4 Qd8 23. Bf1 Nf5 24. Nb3 Nd6 25.
Nd3 Nc4 26. Qc2 Qe7 27. Nbc5 Nxd4 28. Bxd4 Bxd4 29. Qa2 Bc6 30. Qa6 Qf6 31. Qc8+ Kg7 32. Qh3 Nd2 33. Qg4 h5 34. Qe2 Nf3+ 35. Kg2 Ng5 36. f4 Ne4 37. Kh1 Nc3 38. Kg2 Nxe2 39. Bxe2 Bxc5 40. Nxc5 Qb2 41. Nd3 Qxe2+ 42. Nf2 d4+ 43.
Kg1 Qe1# 0-1

[Event "Early-Titled-Tuesday-Blitz-January-23-2024"]
[Site "Chess.com"]
[Date "2024.01.23"]
[Round "7"]
[White "Felix-Rose"]
[Black "Shodikulov_Jamshid1990"]
[Result "1-0"]
[WhiteElo "2311"]
[BlackElo "2465"]
[TimeControl "180+1"]
[EndTime "9:18:05 PST"]
[Termination "Felix-Rose won by checkmate"]

1. d4 Nf6 2. Bf4 c5 3. e3 Nc6 4. c3 d5 5. Nd2 g6 6. h3 Bg7 7.
Bd3 O-O 8. Ngf3 Qb6 9. Rb1 cxd4 10.
exd4 a5 11. O-O a4 12. Re1 Bd7 13. Ne5 Nxe5 14. Bxe5 Bb5 15. Bc2 Rfe8 16. Re3 Bh6 17. Rf3 Nd7 18. Bf4 Bg7 19. Re3 e6 20. Nf3 Rec8 21. a3 Qd8 22. Bd3 Bxd3 23. Qxd3 Qb6 24. Re2 Ra5 25. Rd1 Rb5 26. Rdd2 Ra5 27. Qe3 Rb5 28. Bh6 Bh8 29. Ng5 Rb3 30. Qf3 Nf6 31. g3 Qd6 32. Kg2 Bg7 33. Bxg7 Kxg7 34. Rc2 h6 35. h4 hxg5 36. hxg5 Ne4 37. Qg4 Qe7 38. f4 Rh8 39. Kf3 Rh1 40. Rh2 Rf1+ 41. Kg2 Rb1 42. Qh3 Qf8 43. Qh7# 1-0

[Event "Early-Titled-Tuesday-Blitz-January-23-2024"]
[Site "Chess.com"]
[Date "2024.01.23"]
[Round "7"]
[White "Practical-Play"]
[Black "Duhless"]
[Result "0-1"]
[WhiteElo "2526"]
[BlackElo "3112"]
[TimeControl "180+1"]
[EndTime "9:18:06 PST"]
[Termination "Duhless won on time"]

1. e4 c6 2. d4 d5 3. Nc3 dxe4 4. Nxe4 Nf6 5. Ng5 h6 6. Nxf7 Kxf7 7. Nf3 Be6 8. Bd3 Nbd7 9. O-O Bd5 10. Ne5+ Nxe5 11. dxe5 Nd7 12. f4 Nc5 13. Qh5+ Kg8 14. Bg6 Qc7 15. e6 Bxe6 16. Qxc5 Qb6 17. Be3 Qxc5 18. Bxc5 Bf7 19. Bxf7+ Kxf7 20. Rad1 b6 21. Be3 e6 22.
Rd7+ Be7 23. Rfd1 Rhd8 24. Kf2 Ke8 25. Rxd8+ Rxd8 26. Rxd8+ Bxd8 27. Kf3 h5 28. Ke4 g6 29. g3 a6 30. h3 b5 31. g4 hxg4 32. hxg4 Bc7 33.
f5 gxf5+ 34. gxf5 Kf7 35. fxe6+ Kxe6 36. Bd2 c5 37. Be3 c4 38. Bd4 Bg3 39. Bc3 Kd6 40. Kd4 Be5+ 41. Ke4 Bxc3 42. bxc3 Kc5 43. a3 Kb6 44.
Kd4 Ka5 45. Kc5 Ka4 46. Kb6 a5 47. Ka6 b4 0-1

[Event "Early-Titled-Tuesday-Blitz-January-23-2024"]
[Site "Chess.com"]
[Date "2024.01.23"]
[Round "7"]
[White "GeorgiosSouleidis"]
[Black "soloderisas"]
[Result "0-1"]
[WhiteElo "2634"]
[BlackElo "2485"]
[TimeControl "180+1"]
[EndTime "9:18:06 PST"]
[Termination "soloderisas won on time"]

1. e4 d6 2. d4 Nf6 3. Nc3 e5 4. Nf3 exd4 5. Nxd4 Be7 6. g3 O-O 7.
Bg2 Re8 8. O-O c6 9. a4 Nbd7 10. h3 a5 11. Re1 Nc5 12. b3 Bd7 13. Bb2 Qc7 14. Qf3 h6 15. Rad1 Nh7 16. h4 Nf6 17.
Nf5 Bxf5 18. Qxf5 Qc8 19. Qf3 Qg4 20. Qxg4 Nxg4 21. Ne2 Rad8 22. Bh3 Bf6 23. Ba3 Ne5 24. Bg2 Ng4 25. Nf4 Be5 26. Nd3 Bd4 27. Re2 f5 28. Nxc5 dxc5 29. Rde1 fxe4 30. Bxe4 Rxe4 31. Rxe4 Bxf2+ 32. Kf1 Bxe1 33. Rxg4 Rd1 34. Ke2 Rb1 35. Bxc5 Bc3 36.
Kd3 Bf6 37. h5 Kf7 38. Ke2 Rc1 39. Kd2 Rh1 40. Be3 Rxh5 41. Rc4 Rd5+ 42. Ke2 Ke6 43. g4 Re5 44. Kf3 Bg5 45. Bb6 Rd5 46. Bd4 Kd6 47.
Bxg7 b5 48. axb5 cxb5 49. Rd4 a4 0-1

[Event "Early-Titled-Tuesday-Blitz-January-23-2024"]
[Site "Chess.com"]
[Date "2024.01.23"]
[Round "7"]
[White "CristianS27"]
[Black "ural58"]
[Result "0-1"]
[WhiteElo "2571"]
[BlackElo "2446"]
[TimeControl "180+1"]
[EndTime "9:18:06 PST"]
[Termination "ural58 won on time"]

1. e4 d5 2. exd5 Qxd5 3. Nc3 Qa5 4. d4 Nf6 5. Nf3 Nc6 6. Bb5 Ne4 7. Qd3 Nxc3 8. bxc3 a6 9. Bxc6+ bxc6 10. Ne5 f6 11. Nc4 Qf5 12. Qg3 Qxc2 13. O-O Be6 14. Ne3 Qg6 15.
Qxc7 Rc8 16. Qb7 h5 17. Re1 Kf7 18. Nc4 Rd8 19. Ne3 h4 20. Qxc6 Rc8 21. Qxa6 h3 22.
g3 Rxc3 23. Bd2 Rd3 24. Rad1 Qe4 25. d5 Rxe3 26. dxe6+ Qxe6 27. Qxe6+ Rxe6 28. Rxe6 Kxe6 29. f4 Rh5 30. Kf2 Rb5 31. Re1+ Kf7 32. a4 Rb2 33. Re2 Ra2 34. a5 e6 35. Bc3 Ra3 36. Rc2 Bc5+ 37. Kf3 Bb4 38. Kg4 Bxc3 39. Kxh3 Bxa5 40. Rb2 f5 41. Rb7+ Kf6 42. Ra7 Bb4 43. Rb7 Bc5 44. Rb5 Be3 45. Rb8 Ra2 46. g4 Bxf4 47. gxf5 Bxb8 0-1

[Event "Early-Titled-Tuesday-Blitz-January-23-2024"]
[Site "Chess.com"]
[Date "2024.01.23"]
[Round "7"]
[White "Cheer_Down"]
[Black "JonasEilenberg"]
[Result "0-1"]
[WhiteElo "2456"]
[BlackElo "2576"]
[TimeControl "180+1"]
[EndTime "9:18:07 PST"]
[Termination "JonasEilenberg won on time"]

1. e4 c5 2. Nf3 a6 3. g3 b5 4.
Bg2 Bb7 5. O-O g6 6. Re1 Bg7 7. c3 e6 8. d4 cxd4 9. cxd4 Ne7 10. a4 bxa4 11. Nc3 O-O 12. Qxa4 d6 13. Bg5 h6 14.
Be3 Nbc6 15. Qc2 Nb4 16. Qd2 a5 17. Bxh6 Rc8 18. Qf4 Nd3 19. Qh4 Nf5 20. exf5 Qxh4 21.
Nxh4 Bxg2 22. Bxg7 Kxg7 23. Kxg2 Nxe1+ 24. Rxe1 gxf5 25. d5 Kf6 26. f4 Rb8 27. Re2 Rb4 28. Nf3 Rfb8 29. Nd1 R8b5 30. dxe6 fxe6 31. h4 e5 32.
fxe5+ dxe5 33. Rd2 e4 34. Ng5 Rb6 35. Rd5 R4b5 36.
Rd7 Rc6 37. Ne3 Rxb2+ 38. Kh3 Rc1 39. Rf7+ Ke5 40. Rxf5+ Kd4 41. Nd5 a4 42. Nf4 a3 43.
Rd5+ Ke3 44. Ng2+ Rxg2 45. Kxg2 a2 46. Ra5 a1=Q 47. Rxa1 Rxa1 48. h5 Ra5 49. Nf7 Rxh5 0-1